Map: Lerilak Crest

Players

Bankyz

  • Race: Terran Terran
  • League: Gold

capac - Winner!

  • Race: Terran Terran
  • League: Gold

VOD

Have the link to the VOD?

Description

Time

  • Played on: March 21, 2016, 2:45 p.m.
  • Length: 15:57
Show
View Real Time Build Order
Export as new Build Order

Bankyz Terran 

Build Orders: 1/1/1, Banshee Rush 

Get SALT Encoding   

  12  0:01  SCV  
  13  0:13  SCV  
  14  0:22  Supply Depot  
  14  0:25  SCV  
  15  0:35  Refinery  
  15  0:43  SCV  
  15  0:46  Barracks  
  16  0:55  SCV  
  17  1:07  SCV  
  18  1:15  Supply Depot  
  18  1:20  SCV  
  19  1:32  SCV  
  20  1:33  Marine  
  20  1:37  Factory  
  21  1:45  Orbital Command  
  21  1:54  Refinery  
  21  1:57  Marine  
  22  2:07  Supply Depot  
  22  2:10  SCV  
  22  2:15  Marine  
  24  2:23  Starport, Factory Tech Lab  
  24  2:27  SCV  
  25  2:33  Marine  
  26  2:40  SCV  
  27  2:50  Marine  
  28  3:05  SCV  
  29  3:07  Banshee  
  29  3:08  Marine  
  29  3:09  Supply Depot, Cloaking Field  
  33  3:17  SCV  
  34  3:25  Factory Tech Lab  
  34  3:26  Marine  
  35  3:29  SCV  
  36  3:38  Command Center  
  35  3:44  Marine  
  35  3:48  SCV  
  37  3:50  Banshee  
  40  4:04  Marine, Siege Tank  
  40  4:06  SCV  
  45  4:20  SCV  
  45  4:22  Marine  
  47  5:27  Orbital Command  
  47  5:33  Siege Tank  
  49  5:41  Barracks Reactor  
  49  5:42  Liberator  
  49  5:51  SCV  
  50  6:03  SCV  
  52  6:05  Siege Tank  
  52  6:09  Fusion Core  
  55  6:15  SCV  
  55  6:16  Barracks x2  
  55  6:18  Barracks  
  55  6:19  Barracks  
  55  6:23  Barracks  
  53  6:27  SCV  
  53  6:30  SCV  
  55  6:37  Siege Tank  
  55  6:39  SCV  
  59  6:42  SCV  
  60  6:51  SCV  
  60  6:52  Refinery  
  60  6:53  Refinery  
  61  6:55  SCV  
  62  7:09  SCV x2  
  61  7:21  SCV  
  62  7:39  Banshee  
  65  7:44  Barracks Tech Lab x2  
  65  7:45  Barracks Tech Lab, Starport, Barracks Reactor x2  
  65  7:58  Marine x2  
  67  8:00  Cyclone  
  70  8:16  Marine x2  
  69  8:25  Supply Depot  
  69  8:27  Supply Depot  
  69  8:28  Marine  
  69  8:29  Supply Depot  
  70  8:36  Supply Depot  
  70  8:38  Supply Depot  
  70  8:47  Marauder x2, Marine x4  
  78  8:49  Marauder  
  77  9:04  Marine x4  
  77  9:07  Starport Reactor  
  77  9:08  Marauder, Marine  
  77  9:09  Combat Shields, Stimpack  
  84  9:10  Marine  
  84  9:13  Liberator  
  85  9:22  Marine x4  
  89  9:26  Marine  
  89  9:28  Marine  
  89  9:29  Marine  
  89  9:31  Command Center  
  95  9:40  Marine x4  
  95  9:43  Marine  
  100  9:46  Marine  
  100  9:48  Marauder  
  100  9:52  SCV  
  104  9:53  Engineering Bay  
  104  9:58  Engineering Bay, Medivac  
  104  9:59  Medivac  
  108  10:05  Liberator  
  108  10:06  Marine x2  
  110  10:22  Refinery  
  99  10:39  Marine  
  99  10:40  Marauder x3, Marine x3  
  109  10:45  Medivac x2  
  109  10:46  Marine x2  
  109  10:48  Refinery  
  115  10:51  Orbital Command  
  115  10:57  Marine  
  115  10:58  Marine  
  115  10:59  Liberator  
  115  11:01  Marauder x2  
  115  11:02  Marauder  
  123  11:12  Supply Depot  
  123  11:14  Supply Depot  
  123  11:16  Supply Depot  
  126  11:23  Marauder  
  128  11:48  Marauder, Marine x3  
  128  11:49  Marauder x2, Marine  
  129  12:06  Marine x2  
  131  12:10  Marauder x2  
  133  12:19  Marauder, Marine  
  133  12:21  Terran Infantry Weapons Level 1, Terran Infantry Armor Level 1  
  129  12:51  Siege Tank  
  132  12:52  Banshee  
  132  12:54  Marine x2  
  132  12:55  Marauder x3, Marine x2  
  142  13:12  Marine x2  
  143  13:16  Marauder x3  
  150  13:27  Viking  
  150  13:28  Viking  
  150  13:31  Siege Tank  
  150  13:33  Marine x2  
  159  13:35  Banshee  
  159  13:37  Marauder  
  164  13:43  Supply Depot  
  164  13:44  Supply Depot  
  164  14:00  Viking x2  
  164  14:01  Concussive Shells, Marauder x2  
  172  14:03  Marine  
  172  14:05  Marine, Siege Tank  
  172  14:06  Marine  
  172  14:07  Marauder  
  146  14:39  Viking x2  
  146  14:41  SCV  
  151  14:53  SCV  
  152  15:05  SCV  
  149  15:07  Command Center  
  149  15:10  Medivac  
  149  15:11  Medivac  
  149  15:12  Siege Tank  
  156  15:14  Marauder, Marine x3  
  156  15:15  Marauder x2, Marine  
  156  15:17  SCV  
  167  15:32  Marine x2  
  169  15:36  Marauder  
Show
View Real Time Build Order
Export as new Build Order

capac Terran - Winner!

Build Orders:  

Get SALT Encoding   

  12  0:00  SCV  
  13  0:13  SCV  
  14  0:18  Supply Depot  
  14  0:25  SCV  
  15  0:40  SCV  
  15  0:41  Barracks  
  16  0:45  Refinery  
  16  0:52  SCV  
  18  1:04  SCV  
  18  1:16  SCV  
  19  1:28  SCV  
  19  1:30  Barracks Reactor  
  20  1:37  Command Center  
  20  1:45  Orbital Command  
  20  1:58  Supply Depot  
  20  2:06  Factory  
  20  2:09  Marine x2  
  22  2:16  Refinery  
  22  2:17  SCV  
  23  2:27  Marine x2  
  25  2:30  SCV  
  26  2:44  Marine  
  26  2:45  Marine, SCV  
  26  2:49  Orbital Command  
  29  2:52  Bunker  
  29  3:00  Starport  
  29  3:06  Hellion  
  29  3:11  Marine x2  
  33  3:17  SCV  
  33  3:18  SCV  
  35  3:25  Supply Depot  
  35  3:40  SCV x2  
  37  3:43  Marine  
  37  3:44  Marine  
  37  3:46  Hellion  
  41  3:49  Medivac  
  43  3:56  Supply Depot  
  43  3:58  SCV  
  43  3:59  SCV  
  43  4:02  Supply Depot  
  45  4:07  Hellion  
  47  4:12  SCV x2  
  47  4:14  Marine x2  
  51  4:24  SCV x2  
  53  4:36  Viking  
  53  4:38  Engineering Bay  
  47  5:09  Missile Turret  
  44  5:31  Missile Turret  
  44  5:51  SCV  
  44  5:52  SCV  
  46  6:03  SCV  
  47  6:04  Starport Reactor  
  47  6:06  Factory Tech Lab  
  47  6:08  Marine x2  
  47  6:09  SCV  
  50  6:15  SCV  
  47  6:30  Marine x2, Liberator  
  47  6:31  Liberator  
  47  6:32  SCV x2  
  49  6:41  Refinery  
  49  6:44  Siege Tank, SCV x2  
  60  6:56  SCV x2  
  61  7:03  Missile Turret  
  54  7:24  Liberator x2  
  54  7:25  Siege Tank  
  54  7:29  Starport  
  57  7:42  Command Center  
  63  7:57  Siege Tank  
  66  8:01  Terran Infantry Weapons Level 1  
  66  8:07  Starport Reactor  
  66  8:08  Barracks  
  66  8:11  Barracks  
  66  8:24  Viking  
  68  8:27  SCV x2  
  68  8:32  Refinery  
  70  8:41  Supply Depot  
  70  8:44  Marine x2, Siege Tank  
  70  8:45  Medivac  
  77  8:53  Medivac  
  79  8:57  Liberator  
  79  9:00  Missile Turret  
  79  9:11  Supply Depot  
  82  9:24  Siege Tank  
  85  9:26  Missile Turret  
  85  9:27  SCV x2  
  87  9:38  Marine x2  
  88  9:39  SCV x2  
  88  9:41  Barracks Tech Lab  
  88  9:42  Barracks Reactor  
  91  9:46  Barracks x2  
  91  9:51  Orbital Command  
  91  9:56  Marine x2  
  93  10:35  Orbital Command  
  93  10:39  Marine x4  
  93  10:40  Marine x3  
  100  10:53  Siege Tank  
  100  10:56  Medivac x2  
  107  10:57  Marine x2  
  109  11:07  Supply Depot  
  109  11:12  Liberator  
  109  11:15  Stimpack  
  109  11:29  Marine x3, SCV x2  
  117  11:34  Supply Depot  
  117  11:39  Liberator x2  
  117  11:46  Missile Turret  
  117  11:53  Barracks Reactor  
  117  11:54  Barracks Reactor  
  117  11:56  Marine, SCV  
  125  12:06  Orbital Command  
  125  12:30  Liberator  
  125  12:35  Supply Depot  
  125  12:44  Supply Depot  
  125  12:46  Marine x8  
  125  12:47  Marine  
  137  13:02  SCV x3  
  137  13:04  Marine x9  
  149  13:22  Marine  
  150  13:29  Marine x3  
  150  13:30  Marine x4  
  157  13:44  Supply Depot  
  157  13:48  Liberator x2  
  157  13:53  Liberator  
  157  14:05  Marine x2  
  165  14:10  Marine x2  
  165  14:12  Marine, Liberator  
  165  14:27  Marine  
  165  14:28  Marine x3  
  165  14:29  Marine  
  162  14:36  Marine x4  
  162  14:45  Marine  
  162  14:50  Command Center  
  161  15:14  Medivac x2  
  165  15:25  Marine x4, Medivac x2  
  165  15:26  Marine x3  
  176  15:39  Refinery  
  176  15:44  Refinery  
Tags
 
League
GoldGold
Matchup
TvT
Opening
1/1/1
Race
Terran
Strategy
Banshee Rush
Add a new tag
Caveats
  • Supply blocks, unpowered buildings, or Contaminate may cause inaccurate times.
  • Supply counts are checked every 10 seconds.